 Dungeon Crawl Stone Soup version 0.31-a0-1424-g2add1c7226 (webtiles) character file.

Game seed: 10103494241142260297

126 dialectric the Trooper (level 4, 0/42 HPs)
             Began as a Minotaur Fighter on Dec 26, 2023.
             Slain by a jackal (3 damage)
             ... on level 4 of the Dungeon.
             The game lasted 00:01:37 (1128 turns).

dialectric the Trooper (Minotaur Fighter)           Turns: 1128, Time: 00:01:38

Health: 0/42       AC:  7    Str: 23    XL:     4   Next: 83%
Magic:  3/3        EV: 10    Int:  5    God:
Gold:   89         SH:  0    Dex:  9    Spells: 3/3 levels left

rFire   . . .        a - +0 flail
rCold   . . .        (no shield)
rNeg    . . .        b - +0 scale mail
rPois   .            (helmet restricted)
rElec   .            (no cloak)
rCorr   .            (no gloves)
SInv    .            (no boots)
Will    .....        (no amulet) Stlth
                     (no ring)
HPRegen 0.27/turn    (no ring)
MPRegen 0.08/turn

%: random rage (3%)
@: no status effects
A: horns 2, retaliatory headbutt, berserk 1, sturdy frame 1
a: no special abilities


You were on level 4 of the Dungeon.
You visited 1 branch of the dungeon, and saw 3 of its levels.

You collected 89 gold pieces.

Inventory:

Hand Weapons
 a - a +0 flail (weapon)
 l - a +0 morningstar
Armour
 b - a +0 scale mail (worn)
 c - a +0 buckler
 m - a +0 leather armour of positive energy
Jewellery
 f - an amulet of regeneration
 j - an amulet of the acrobat
Scrolls
 e - a scroll of vulnerability {unknown}
Potions
 d - a potion of might
 h - a potion of resistance {unknown}
 i - a potion of curing {unknown}
 k - a potion of magic {unknown}


   Skills:
 + Level 5.0 Fighting
 + Level 4.0 Maces & Flails
 + Level 4.8 Armour
 - Level 3.6 Shields


You had 3 spell levels left.
You didn't know any spells.
Your spell library was empty.

Dungeon Overview and Level Annotations

Branches:
Dungeon (2/15)

Altars:
Qazlal

Shops:
D:1 (


Innate Abilities, Weirdness & Mutations

You have a pair of horns on your head.
You reflexively headbutt those who attack you in melee.
You sometimes lose your temper in combat.
Your movements are slightly less encumbered by armour. (ER -2)


Message History

You kill the adder!
Your Fighting skill increases to level 5!
An ogre comes into view. It is wielding a +0 giant spiked club.
The endoplasm hits you.
You see here an adder corpse.
The ogre shouts!
You sock the endoplasm!
You kill the endoplasm!
You hear a bark!
A jackal comes into view.
Found a dented ruby amulet and a scroll labelled QOTWUBBUODO.
The jackal barks!
You hear a bark!
The ogre hits you with a +0 giant spiked club!
A jackal comes into view.
You hit the ogre. You headbutt the ogre!
The ogre is heavily wounded.
The ogre hits you with a +0 giant spiked club!!
Ouch! That really hurt!
* * * LOW HITPOINT WARNING * * *
You are too injured to fight recklessly!
You are too injured to fight recklessly!
You are too injured to fight recklessly!
You are too injured to fight recklessly!
You are too injured to fight recklessly!
You are too injured to fight recklessly!
Unknown command.
Found 14 gold pieces.
Found a sling.
The jackal attacks as it pursues you!
The jackal bites you but does no damage.
The jackal attacks as it pursues you! The jackal bites you.
* * * LOW HITPOINT WARNING * * *
The jackal attacks as it pursues you! The jackal bites you.
* * * LOW HITPOINT WARNING * * *
It was a potion of mutation.
You feel extremely strange.
You feel a little pissed off.
You feel less encumbered by your armour.
The jackal bites you but does no damage.
The jackal barely misses you. The jackal bites you.
You die...

##.........##......## h.
#...........#†......# .
##...♣..P♣...#†......##
#.†..P.P..............#
##.#..PP.P..............#
#.......P........>......#
#.#..♣♣.P.♣.....O........
.....♣.........hh.......
.............#..@.......
.............#..........
............###........$
..............#.....)...
............#...........
.............###........
.............# .....P.P.
.............. .........
#............#


You could see an ogre and 2 jackals.

Vanquished Creatures
  A scorpion (D:4)
  An adder (D:4)
  A worm (D:4)
  A dart slug (D:1)
  An orc (D:4)
  4 ball pythons
  6 bats
  5 endoplasms
  4 giant cockroaches
  2 goblins
  6 hobgoblins
  8 kobolds
  3 frilled lizards (D:1)
  5 rats
48 creatures vanquished.

Notes
Turn   | Place    | Note
-------+----------+-------------------------------------------
     0 | D:1      | dialectric the Minotaur Fighter began the quest for the
                  | Orb.
     0 | D:1      | Reached XP level 1. HP: 19/19 MP: 0/0
    62 | D:1      | Reached XP level 2. HP: 24/27 MP: 1/1
   185 | D:1      | Reached skill level 4 in Fighting
   253 | D:1      | Found Muqo's Weapon Shop.
   451 | D:1      | Reached XP level 3. HP: 28/33 MP: 2/2
   787 | D:2      | Found a stormy altar of Qazlal.
   906 | D:2      | You fall into a shaft and drop 2 floors!
   954 | D:4      | Noticed a scorpion
   961 | D:4      | Killed a scorpion
   962 | D:4      | Reached XP level 4. HP: 20/41 MP: 3/3
  1109 | D:4      | Reached skill level 5 in Fighting
  1109 | D:4      | Noticed an ogre
  1127 | D:4      | HP: 2/42 [jackal (2)]
  1128 | D:4      | Gained mutation: You sometimes lose your temper in combat.
                  | [potion of mutation]
  1128 | D:4      | Gained mutation: Your movements are slightly less
                  | encumbered by armour. (ER -2) [potion of mutation]
  1128 | D:4      | Slain by a jackal

Illustrated notes

Levels and vault maps discovered:
D:1:      spicycebolla_arrival_xxxplode, layout_basic, serial_shops,
          nicolae_shop_bloodbath_and_beyond, amcnicky_mini_rare_corridor_liquid,
          corexii_leaking_fountain, nicolae_figureground_pulse
D:2:      layout_rooms, basic_altar, kennysheep_cross_room,
          minmay_goblin_kobold_house, uniq_terence
D:4:      layout_cave_pods, serial_park, serial_park_square3
          [serial_park_minivault_5x5_6], serial_park_tiny_pond,
          serial_park_square3 [serial_park_minivault_5x5_1],
          serial_park_square2, serial_park_avenue1, corner_web_ring

Skill      XL: |  1  2  3  4 |
---------------+-------------+-----
Fighting       | 4 5 |  5.0
Armour         | 4 |  4.8
Maces & Flails | 3 4 |  4.0
Shields        | |  3.6

Action                     |  1- 3 |  4- 6 || total
---------------------------+-------+-------++-------
  Melee: Flail             |    92 |    12 ||   104
         Headbutt          |    10 |     1 ||    11
         Punch             |     1 |       ||     1
    Use: Potion            |       |     1 ||     1
 Armour: Scale mail        |    65 |    13 ||    78
  Dodge: Dodged            |    41 |     7 ||    48
  Block: Buckler           |     1 |       ||     1

Table legend: (Time is in decaauts)
 A = Elapsed time spent in this place.
 B = Non-inter-level travel time spent in this place.
 C = Inter-level travel time spent in this place.
 D = Time resting spent in this place.
 E = Time spent auto-exploring this place.
 F = Levels seen in this place.
 G = Mean time per level.
                   A        B        C        D        E       F      G
               +--------+--------+--------+--------+--------+-----+--------+
         Total |   1152 |   1152 |      0 |      0 |    818 |   3 |  384.0 |
       Dungeon |   1152 |   1152 |      0 |      0 |    818 |   3 |  384.0 |
               +--------+--------+--------+--------+--------+-----+--------+

Top non-repeatable levels by time:
     D:1: 789 daAuts
     D:4: 226 daAuts
     D:2: 136 daAuts
